 Dungeon Crawl Stone Soup version 0.31-a0-876-gfe8ebadbca (webtiles) character file.

Game seed: 2212798840856890371

758 Flugkiller the Changeling (level 7, -3/43 HPs)
             Began as a Deep Elf Fighter on Oct 13, 2023.
             Was a Believer of Ru.
             Slain by a black bear (5 damage)
             ... on level 5 of the Dungeon.
             The game lasted 00:05:51 (4509 turns).

Flugkiller the Changeling (Deep Elf Fighter)        Turns: 4509, Time: 00:05:52

Health: -3/43      AC:  6    Str: 13    XL:     7   Next: 50%
Magic:  9/9        EV: 11    Int: 13    God:    Ru [**....]
Gold:   237        SH:  0    Dex: 16    Spells: 6/6 levels left

rFire   . . .        g - +0 short sword (venom)
rCold   . . .        (shield unavailable)
rNeg    . . .        b - +0 scale mail
rPois   .            (no helmet)
rElec   .            (no cloak)
rCorr   .            (no gloves)
SInv    .            (no boots)
Will    +....        (no amulet) Stlth
                     (ring unavailable)
HPRegen 0.27/turn    m - ring of willpower
MPRegen 0.11/turn

%: no passive effects
@: no status effects
A: missing a hand
a: Renounce Religion


You were on level 5 of the Dungeon.
You worshipped Ru.
Ru was pleased with you.
You visited 1 branch of the dungeon, and saw 5 of its levels.

You collected 237 gold pieces.

Inventory:

Hand Weapons
 a - a +0 long sword
 g - a +0 short sword of venom (weapon)
   (You took it off a kobold on level 1 of the Dungeon)
 r - a +2 spear of pain
   (You found it on level 2 of the Dungeon)
 y - a +2 heavy scimitar
   (You found it on level 4 of the Dungeon)
Armour
 b - a +0 scale mail (worn)
 h - a +0 robe of cold resistance
   (You found it on level 1 of the Dungeon)
Jewellery
 l - the ring "Loim" {MP+9 Str+5}
   (You found it on level 2 of the Dungeon)

   [ring of magical power]

   Str+5:     It affects your strength (+5).
   MP+9:      It affects your magic capacity (+9).
 m - a ring of willpower (right hand)
   (You found it on level 4 of the Dungeon)
Talismans
 e - a flux talisman
   (You found it on level 1 of the Dungeon)
Wands
 o - a wand of charming (9)
   (You found it on level 2 of the Dungeon)
 s - a wand of mindburst (15)
   (You found it on level 3 of the Dungeon)
 C - a wand of roots (8)
   (You found it on level 4 of the Dungeon)
Scrolls
 f - a scroll of enchant armour {unknown}
 j - a scroll of poison {unknown}
 k - a scroll of teleportation {unknown}
 n - a scroll of amnesia
 p - a scroll of revelation
 t - 2 scrolls of enchant weapon {unknown}
 u - a scroll of identify {unknown}
 x - a scroll of immolation
Potions
 c - a potion of brilliance {unknown}
 d - a potion of might
 i - a potion of cancellation {unknown}
 q - 2 potions of degeneration {unknown}
 v - a potion of berserk rage
 w - 2 potions of heal wounds
 z - a potion of enlightenment {unknown}
 A - a potion of invisibility {unknown}
 B - 2 potions of curing {unknown}
 D - a potion of resistance {unknown}


   Skills:
 - Level 4.0 Fighting
 - Level 1.8 Long Blades
 - Level 2.4 Armour
 - Level 5.0 Dodging
 + Level 5.8 Shapeshifting


You had 6 spell levels left.
You didn't know any spells.
Your spell library contained the following spells:

 Spells                   Type           Power      Damage    Failure   Level
 Ensorcelled Hibernation  Hex/Ice        0%         N/A       91%         2
 Passwall                 Tmut/Erth      0%         N/A       91%         2
 Dazzling Flash           Conj/Hex       0%         N/A       99%         3
 Swiftness                Air            0%         N/A       99%         3
 Agony                    Necr           0%         N/A       100%        5
 Silence                  Hex/Air        0%         N/A       100%        5


Dungeon Overview and Level Annotations

Branches:
Dungeon (5/15) Zot: 25490  Temple (0/1) D:4

Altars:
Ru


Innate Abilities, Weirdness & Mutations

You are missing a hand.


Message History

The phantom closely misses you.
You hit the phantom but do no damage.
The phantom is almost destroyed.
The phantom hits you.
You barely miss the phantom.
The phantom is almost destroyed.
The phantom hits you but does no damage.
You miss the phantom.
The phantom is almost destroyed.
The phantom barely misses you.
You hit the phantom.
You destroy the phantom!
Training target 4.0 for Fighting reached!
Your Fighting skill increases to level 4!
You start resting.
Unknown command.
Unknown command.
You start resting.
HP restored.
Unknown command.
You see here a +0 falchion.
Key pressed, stopping explore.
You open the door.
There is an open door here.
There is an open door here.
A black bear comes into view.
The black bear growls angrily.
You hit the black bear.
The black bear is poisoned.
The black bear is lightly wounded.
The black bear bites you. The black bear misses you.
The black bear closely misses you.
You barely miss the black bear.
The black bear is lightly wounded.
The black bear completely misses you. The black bear barely misses you.
The black bear claws you but does no damage.
You barely miss the black bear.
The black bear is moderately wounded.
The black bear closely misses you. The black bear misses you.
The black bear claws you but does no damage.
You hit the black bear.
The black bear is moderately wounded.
The black bear bites you but does no damage.
The black bear claws you but does no damage.
The black bear closely misses you.
You hit the black bear.
The black bear looks as sick as possible!
The black bear is heavily wounded.
The black bear completely misses you.
The black bear claws you but does no damage. x2
You barely miss the black bear.
The black bear is heavily wounded.
The black bear closely misses you.
The black bear claws you but does no damage. x2
You hit the black bear but do no damage.
The black bear looks as sick as possible!
The black bear is heavily wounded.
The black bear misses you. The black bear closely misses you.
The black bear claws you.
You hit the black bear.
The black bear is severely wounded.
The black bear bites you but does no damage.
The black bear claws you. x2
You barely miss the black bear.
The black bear is severely wounded.
The black bear goes berserk!
You hit the black bear but do no damage.
The black bear looks as sick as possible!
The black bear is severely wounded.
The black bear bites you. The black bear barely misses you.
The black bear claws you but does no damage.
You hit the black bear.
The black bear is almost dead.
The black bear bites you but does no damage.
The black bear closely misses you.
The black bear claws you but does no damage.
The black bear bites you! The black bear closely misses you.
The black bear claws you.
You are too injured to fight recklessly!
You hit the black bear but do no damage.
The black bear looks as sick as possible!
The black bear is almost dead.
The black bear bites you!
* * * LOW HITPOINT WARNING * * *
The black bear claws you but does no damage.
The black bear claws you.
* * * LOW HITPOINT WARNING * * *
Unknown command.
You hit the black bear but do no damage.
The black bear looks as sick as possible!
The black bear is almost dead.
The black bear closely misses you. The black bear barely misses you.
The black bear misses you.
Unknown command.
You hit the black bear.
The black bear is almost dead.
The black bear bites you.
* * * LOW HITPOINT WARNING * * *
The black bear claws you but does no damage.
The black bear misses you. The black bear bites you.
You die...

#.#.##....##.#.####<########
#.#.##.....#.#+####.........
######..........#........########
#........#......#........#
#........#......#........#
#..............##........#
#........#.###..#........#
##############..h.....<..#
#.........@#.......#
####.##.#[....#########
####....##.#.#....# #...#
...#[##.##.#.#....# #.#.###
...#.##.##.<.#....###.#...#
...#.##.######..).'.....#.#
...#.#### ##...###.#.#.####
.....# ##...# #........#
...#.#########....# ###.######


You could see a black bear (berserk, extremely poisoned).

Vanquished Creatures
  An orc warrior (D:5)
  A centaur (D:4)
  A phantom (D:5)
  2 scorpions
  A howler monkey (D:5)
  2 hounds
  3 iguanas
  A sleepcap (D:5)
  2 orc wizards (D:5)
  5 adders
  An ufetubus (D:5)
  A worm (D:2)
  5 dart slugs
  12 orcs
  5 ball pythons
  7 endoplasms
  2 giant cockroaches
  5 goblins
  4 hobgoblins
  7 jackals
  6 kobolds
  A quokka (D:3)
  5 bats
  2 frilled lizards (D:1)
  5 rats
87 creatures vanquished.

Vanquished Creatures (others)
  An endoplasm (D:4)
1 creature vanquished.

Grand Total: 88 creatures vanquished

Notes
Turn   | Place    | Note
-------+----------+-------------------------------------------
     0 | D:1      | Flugkiller the Deep Elf Fighter began the quest for the
                  | Orb.
     0 | D:1      | Reached XP level 1. HP: 13/13 MP: 3/3
   309 | D:1      | Reached XP level 2. HP: 18/18 MP: 4/4
   563 | D:1      | Reached skill level 1 in Dodging
   600 | D:1      | Reached skill level 1 in Shapeshifting
   802 | D:2      | Reached XP level 3. HP: 11/23 MP: 5/5
   922 | D:2      | Identified the ring "Loim" {MP+9 Str+5}
  1185 | D:2      | Reached XP level 4. HP: 17/28 MP: 6/6
  1865 | D:3      | Found a faded altar of an unknown god.
  1870 | D:3      | Prayed at the altar of an unknown god.
  1870 | D:3      | Became a worshipper of Ru the Awakened
  1893 | D:3      | Gained mutation: You are missing a hand. [Ru sacrifice]
  1893 | D:3      | Reached * piety under Ru
  1893 | D:3      | Reached ** piety under Ru
  2482 | D:3      | Reached XP level 5. HP: 32/32 MP: 7/7
  2843 | D:4      | Found a staircase to the Ecumenical Temple.
  3240 | D:4      | Reached XP level 6. HP: 12/37 MP: 8/8
  3720 | D:4      | Identified the +2 kite shield of Entitlement {rN++}
  3782 | D:5      | Entered Level 5 of the Dungeon
  3797 | D:5      | Reached skill level 5 in Shapeshifting
  3995 | D:5      | Noticed an orc warrior
  4011 | D:5      | Killed an orc warrior
  4012 | D:5      | Reached XP level 7. HP: 29/41 MP: 9/9
  4122 | D:5      | Identified the +1 robe of Goleinao {-Tele rN+++ Int-4 SInv}
  4181 | D:5      | Reached skill level 5 in Dodging
  4509 | D:5      | HP: 2/43 [black bear (5)]
  4509 | D:5      | Slain by a black bear

Illustrated notes

Levels and vault maps discovered:
D:1:      matt_arrival_refuge, layout_basic
D:2:      layout_loops_ring, roderic_roman_lattice
D:3:      layout_basic, shapermc_ecumenical_altar_petra
D:4:      layout_basic, minmay_temple_entry_trees, supply_closet_lemuel,
          minmay_diced_spiral
D:5:      layout_basic

Skill      XL: |  1  2  3  4  5  6  7 |
---------------+----------------------+-----
Fighting       | 3 4 |  4.0
Dodging        | 1 2 3 4 5 |  5.0
Shapeshifting  | 1 2 4 5 |  5.8
Shields        | 0 |  0.0
Long Blades    | |  1.8
Armour         | |  2.4

Action                     |  1- 3 |  4- 6 |  7- 9 || total
---------------------------+-------+-------+-------++-------
  Melee: Long sword        |    11 |       |       ||    11
         Short sword       |    83 |   151 |    77 ||   311
 Invoke: Sacrifice a Hand  |       |     1 |       ||     1
  Evoke: Wand              |       |     3 |       ||     3
    Use: Potion            |       |     2 |       ||     2
         Scroll            |       |     3 |       ||     3
   Stab: Invisible         |       |     2 |       ||     2
         Distracted        |       |     1 |       ||     1
 Armour: Scale mail        |    43 |    84 |    55 ||   182
  Dodge: Dodged            |    34 |    57 |    52 ||   143
  Block: Buckler           |    14 |     7 |       ||    21

Table legend: (Time is in decaauts)
 A = Elapsed time spent in this place.
 B = Non-inter-level travel time spent in this place.
 C = Inter-level travel time spent in this place.
 D = Time resting spent in this place.
 E = Time spent auto-exploring this place.
 F = Levels seen in this place.
 G = Mean time per level.
                   A        B        C        D        E       F      G
               +--------+--------+--------+--------+--------+-----+--------+
         Total |   4508 |   4351 |    157 |    814 |   2661 |   5 |  901.6 |
       Dungeon |   4508 |   4351 |    157 |    814 |   2661 |   5 |  901.6 |
               +--------+--------+--------+--------+--------+-----+--------+

Top non-repeatable levels by time:
     D:4: 1330 daAuts
     D:3: 923 daAuts
     D:2: 845 daAuts
     D:1: 806 daAuts
     D:5: 602 daAuts
